 Dungeon Crawl Stone Soup version bcrawl-1.28.4 (webtiles) character file.

Game seed: 7361595525752787061

89442 Goreval the Firebug (level 3, 18/26 HPs)
             Began as a Djinni Fire Elementalist on Dec 7, 2019.
             Quit the game on level 2 of the Dungeon on Jan 8, 2021.
             The game lasted 00:03:52 (1679 turns).

Goreval the Firebug (Djinni Fire Elementalist)      Turns: 1679, Time: 00:03:52

Health: 18/26      AC:  2    Str: 10    XL:     3   Next: 17%
Magic:  2/7        EV: 12    Int: 18    God:
Gold:   127        SH:  0    Dex: 11    Spells: 5/8 levels left

rFire    . . .     SeeInvis .   f - +0 dagger
rCold    . . .     Gourm    .   (no shield)
rNeg     . . .     Faith    .   a - +0 robe
rPois    .         Spirit   .   (no helmet)
rElec    .         Reflect  .   (no cloak)
rCorr    .         Harm     .   (no gloves)
MR       .....     Rnd*Rage +   (boots unavailable)
Stlth    ++........             (no amulet)
HPRegen  0.08/turn              (no ring)
MPRegen  0.10/turn              (no ring)

@: flying, very slightly contaminated
A: never pass out, berserk 2, blurry vision 2, wild magic 1, MP-powered wands,
floating
a: no special abilities


You were on level 2 of the Dungeon.
You were hungry.

You visited 1 branch of the dungeon, and saw 3 of its levels.

You collected 127 gold pieces.

Inventory:

Hand Weapons
 f - a +0 dagger (weapon)
 r - a cursed -2 dagger
Missiles
 c - 252 stones (quivered)
Armour
 a - a +0 robe (worn)
 t - a +0 helmet
Scrolls
 b - a scroll of fear {unknown}
 g - 2 scrolls of enchant weapon {unknown}
 h - a scroll of fog {unknown}
 i - a scroll of blinking {unknown}
 k - a scroll of magic mapping {unknown}
 m - a scroll of amnesia {unknown}
 p - a scroll of noise {unknown}
 s - a scroll of identify {unknown}
Potions
 e - a potion of berserk rage {unknown}
 j - a potion of degeneration {unknown}
 l - 2 potions of ambrosia {unknown}
 n - a potion of lignification {unknown}
 o - a potion of brilliance {unknown}
Comestibles
 d - 5 rations {!d}
 q - 9 chunks of flesh


   Skills:
 - Level 2.0 Dodging
 - Level 1.5 Stealth
 + Level 3.4 Spellcasting
 * Level 2.4 Conjurations
 * Level 4.3 Fire Magic


You had 5 spell levels left.
You knew the following spells:

 Your Spells              Type           Power        Failure   Level  Hunger
a - Flame Tongue          Conj/Fire      ###..        7%          1    None
b - Flaming Arrows        Chrm/Fire      ##......     14%         2    None

Your spell library contained the following spells:

 Spells                   Type           Power        Failure   Level  Hunger
 Conjure Flame            Conj/Fire      ###.....     17%         3    ####...
 Inner Flame              Hex/Fire       N/A          26%         3    ####...
 Sticky Flame             Conj/Fire      ###.....     45%         4    #####..
 Fireball                 Conj/Fire      ###.......   80%         5    ######.


Dungeon Overview and Level Annotations

Branches:
Dungeon (3/12)

Altars:
Gozag


Innate Abilities, Weirdness & Mutations

You never pass out after going berserk.
You often lose your temper in combat.
Scrolls take you longer to read.
Your spells are a little harder to cast, but a little more powerful.
You expend magic power (3 MP) to strengthen your wands.
Your body floats in the air.


Message History

You hit the jackal.
You kill the jackal!
You see here a jackal corpse.
You butcher the jackal corpse.
q - 4 chunks of flesh (gained 3)
You see here a jackal skeleton.
Things that are here:
a jackal corpse x2
Butcher a jackal corpse? [(y)es/(n)o/(a)ll/(q)uit/?]
Butcher a jackal corpse? [(y)es/(n)o/(a)ll/(q)uit/?]
Okay, then.
Butcher a jackal corpse? [(y)es/(n)o/(a)ll/(q)uit/?]
You butcher the jackal corpse. x2
q - 7 chunks of flesh (gained 3);
q - 9 chunks of flesh (gained 2)
Things that are here:
a jackal skeleton x2
Save game and exit?
Welcome back, Goreval the Djinni Fire Elementalist.
Welcome back, Goreval the Djinni Fire Elementalist.
Welcome back, Goreval the Djinni Fire Elementalist.

### #.# #.# #.# ############ #.#
#..........# #.#
######..........####### #.#
#...............##..... ###.#
#.......รทรท......#...... #.#.#
###.....@.........#......
#.#.####.....<...#########.#....
##......+....#....# #.#....
.....####....#....#########.#....
##...........#.......<...........
.#......................).#.#....
.#...###.###.##...........#...###
.........# #..............#####
.#...###.###..........(...#


There were no monsters in sight!

Vanquished Creatures
  3 leopard geckos
  2 giant cockroaches
  2 goblins
  6 hobgoblins
  4 jackals (D:2)
  5 kobolds
  2 bats (D:2)
  2 frilled lizards (D:2)
  2 rats
28 creatures vanquished.

Notes
Turn   | Place    | Note
-------+----------+-------------------------------------------
     0 | D:1      | Goreval the Djinni Fire Elementalist began the quest for
                  | the Orb.
     0 | D:1      | Reached XP level 1. HP: 14/14 MP: 4/4
   332 | D:1      | Reached XP level 2. HP: 20/20 MP: 0/6
   550 | D:1      | Reached skill level 4 in Fire Magic
   873 | D:2      | Found an opulent altar of Gozag.
  1524 | D:2      | Reached XP level 3. HP: 26/26 MP: 5/7
  1535 | D:2      | Learned a level 2 spell: Flaming Arrows
  1679 | D:2      | Upgraded the game from bcrawl-1.19.1 to bcrawl-1.28.4
  1679 | D:2      | Quit the game

Skill      XL: |  1  2 |
---------------+-------+-----
Fire Magic     | 4 |  4.3
Conjurations   | 2 |  2.4
Dodging        | |  2.0
Stealth        | |  1.5
Spellcasting   | |  3.4

Action                   || total
-------------------------++-------
Melee: Unarmed           ||     3
       Dagger            ||    24
 Cast: Flame Tongue      ||    38
       Flaming Arrows    ||     1
  Eat: Chunk             ||     2
Armor: Robe              ||    14
Dodge: Dodged            ||    25
